 Dungeon Crawl Stone Soup version 0.31.0-11-ge490571c62 (webtiles) character file.

Game seed: 429281238313932666

144 bearlyready the Cudgeller (level 5, -9/54 HPs)
             Began as an Oni Berserker on Feb 3, 2024.
             Was a Believer of Trog.
             Mangled by an ogre
             ... wielding a +0 giant club
              (13 damage)
             ... on level 4 of the Dungeon.
             The game lasted 00:02:54 (2732 turns).

bearlyready the Cudgeller (Oni Berserker)           Turns: 2732, Time: 00:02:54

Health: -9/54      AC:  4    Str: 23    XL:     5   Next: 27%
Magic:  5/5        EV: 10    Int:  8    God:    Trog [**....]
Gold:   149        SH:  0    Dex:  8    Spells: 4/4 levels left

rFire   . . .        a - +0 mace
rCold   . . .        k - orb {light}
rNeg    . . .        b - +0 animal skin
rPois   .            h - +0 hat
rElec   .            l - +0 cloak
rCorr   .            (gloves unavailable)
SInv    .            (boots unavailable)
Will    .....        (no amulet)
Stlth   +            (no ring)
HPRegen 0.29/turn    (no ring)
MPRegen 0.09/turn

%: no passive effects
@: glowing
A: large, unfitting armour, horns 1, tough skin 1, double potion healing,
drunken brawling
a: Renounce Religion, Berserk, Trog's Hand


You were on level 4 of the Dungeon.
You worshipped Trog.
Trog was pleased with you.
You visited 1 branch of the dungeon, and saw 4 of its levels.

You collected 149 gold pieces.

Inventory:

Hand Weapons
 a - a +0 mace (weapon)
Missiles
 j - 5 poisoned darts (quivered)
Armour
 b - a +0 animal skin (worn)
 h - a +0 hat (worn)
 k - an orb of light (worn)
 l - a +0 cloak (worn)
Scrolls
 c - 2 scrolls of identify {unknown}
 d - a scroll of brand weapon {unknown}
 e - a scroll of fear {unknown}
 f - a scroll of enchant armour {unknown}
 i - a scroll of blinking {unknown}
Potions
 g - a potion of curing
 m - a potion of attraction {unknown}
 n - a potion of enlightenment {unknown}


   Skills:
 - Level 4.0 Fighting
 + Level 5.8 Maces & Flails
 - Level 2.6 Dodging


You had 4 spell levels left.
You didn't know any spells.
Your spell library was empty.

Dungeon Overview and Level Annotations

Branches:
Dungeon (4/15)
 Temple: D:4-7

Altars:
Cheibriados
The Shining One


Innate Abilities, Weirdness & Mutations

You are too large for most types of armour.
You have a pair of small horns on your head.
You have tough skin. (AC +1)
You gain doubled healing and magic from potions.
Whenever you drink a healing potion, you attack all around you.


Message History

No target in view!
No target in view!
No target in view!
You now have 149 gold pieces (gained 8).
There is an open door here.
n - a pink potion
There is an open door here.
There is an open door here.
You see here a +0 short sword.
Done exploring.
Done exploring.
There is a stone staircase leading down here.
You climb downwards.
There is a stone staircase leading up here.
Throw: 8 darts (poison)
Press: ? - help, Q - select action, (/) - cycle Shift-Dir - straight line, f - ogre
Aim: an ogre, wielding a +0 giant club (70% to hit)
You throw a poisoned dart. The poisoned dart hits the ogre.
The ogre is poisoned.
Throw: 7 darts (poison)
Press: ? - help, Q - select action, (/) - cycle Shift-Dir - straight line, f/p - ogre
Aim: an ogre, wielding a +0 giant club (poisoned, 70% to hit)
You throw a poisoned dart. The poisoned dart hits the ogre.
The ogre looks even sicker.
Throw: 6 darts (poison)
Press: ? - help, Q - select action, (/) - cycle Shift-Dir - straight line, f/p - ogre
Aim: an ogre, wielding a +0 giant club (lightly wounded, very poisoned, haloed, 92% to hit)
You throw a poisoned dart. The poisoned dart hits the ogre.
The ogre looks even sicker.
The ogre is lightly wounded.
You hit the ogre.
The ogre is heavily wounded.
The ogre hits you with a +0 giant club!!
You hit the ogre.
The ogre is severely wounded.
The ogre hits you with a +0 giant club!!
* * * LOW HITPOINT WARNING * * *
Found a green potion.
The ogre attacks as it pursues you! The ogre hits you with a +0 giant club!
You die...

###.# ..#.#
#.#.# #.#.#
#######.#.#####
..............#
######.##.##.#
#.#.#<..#
#.@O....#
#.#.#......
#.#.#...#....
.!#.#.#(####.
###....#.(.
..####### ...
#.##


You could see an ogre (poisoned).

Vanquished Creatures
  A bombardier beetle (D:2)
  5 adders
  3 dart slugs (D:1)
  3 ribbon worms
  An orc (D:3)
  3 bats
  6 endoplasms
  4 giant cockroaches
  4 goblins
  2 hobgoblins
  2 quokkas (D:1)
  6 ball pythons
  A frilled lizard (D:1)
  5 kobolds
  8 rats
54 creatures vanquished.

Notes
Turn   | Place    | Note
-------+----------+-------------------------------------------
     0 | D:1      | bearlyready the Oni Berserker began the quest for the Orb.
     0 | D:1      | Reached XP level 1. HP: 24/24 MP: 1/1
   113 | D:1      | Reached XP level 2. HP: 30/32 MP: 2/2
   303 | D:1      | Reached skill level 4 in Maces & Flails
   307 | D:1      | Reached XP level 3. HP: 39/39 MP: 3/3
   623 | D:1      | Reached ** piety under Trog
  1315 | D:2      | Reached XP level 4. HP: 20/48 MP: 4/4
  1771 | D:2      | Reached skill level 5 in Maces & Flails
  2197 | D:3      | Reached XP level 5. HP: 43/54 MP: 5/5
  2404 | D:3      | Found a glowing golden altar of the Shining One.
  2604 | D:3      | Found a snail-covered altar of Cheibriados.
  2720 | D:4      | Noticed an ogre
  2732 | D:4      | Mangled by an ogre

Illustrated notes

Levels and vault maps discovered:
D:1:      dpeg_arrival_solitude, layout_basic, serial_aquarium,
          aquarium_bridge_square [aquarium_subvault_bridge,
          aquarium_subvault_window, aquarium_subvault_balcony,
          aquarium_subvault_bridge], aquarium_window_fake, aquarium_window_fake,
          aquarium_window_corner, aquarium_view_2d, aquarium_balcony_5b
D:2:      layout_basic
D:3:      layout_rooms, mainiacjoe_overflow_24_doors,
          mainiacjoe_overflow_alcove_4, dreamdust_wishing_well,
          minmay_fountain_box
D:4:      layout_basic, worldfamousw_hep_ancestral_shrine

Skill      XL: |  1  2  3  4 |
---------------+-------------+-----
Maces & Flails | 4 5 |  5.8
Fighting       | |  4.0
Dodging        | |  2.6

Action                     |  1- 3 |  4- 6 || total
---------------------------+-------+-------++-------
  Melee: Mace              |    86 |    69 ||   155
         Headbutt          |    11 |     8 ||    19
  Throw: Dart              |       |     3 ||     3
    Use: Potion            |       |     2 ||     2
 Armour: Animal skin       |    58 |    48 ||   106
  Dodge: Dodged            |    46 |    33 ||    79
